woodfighter, neutral female human Wizard ##### -----------------------------.---# ------- |.-..|..|..-....-..|.@|..|..-...|# |.....+ |.|..|..|..|....|..|@.|..|..|...|# ------- |.....| #|.----|-----....----a--|-----...|# |.....| |......#####-...............................|####......| |.....| ###|.-|-----|--.......-|-----|--...| |...<.| |......*####|.|..|..|).|......{|....|...|...| |.....| |>....| #|.|..|..|..|.......|....|%]%|...| ------- ------- #|.----|-----.......|.._.|%%%|..(| #|.....%.......{....|....|!%!|...| #|.------|--------.----------|..). #|.-..%.|.).|((..-.|....|.(?.-().| #|.|.)=%|...|(((.|.-)...|..()|...| #|.|.[.%|...|(((.|.|....|((..|...| #..---------------.-----------...| #|.................[.............| #--------------------------------- woodfighter the Thaumaturge Experience level: 7 Strength: 13 Dexterity: 15 Constitution: 14 Intelligence: 15 Wisdom: 15 Charisma: 9 Health: 0(51) Energy: 61(90) Def: 3 Gold: 0 Moves: 6204 Dungeon seed: tZmKzKnEsXwhjt3S Game ID: woodfighter_1447973944 Your Inventory: Weapons a - a blessed +1 quarterstaff (weapon in hands) Armor e - an uncursed +0 cloak of magic resistance (being worn) q - a blessed +1 orcish helm (being worn) Comestibles j - 5 uncursed food rations L - an uncursed tripe ration Wands w - a wand of striking (0:4) Tools c - an uncursed lock pick h - an uncursed blindfold o - an uncursed stethoscope s - an uncursed bag of holding Contents of the bag of holding: an uncursed +0 mummy wrapping a +0 pick-axe Spells and supernatural/magical abilities: Name Level Category Fail Memory a - force bolt 1 attack 3% 69% s - slow monster 2 enchantment 3% 69% W - pray for help -- divine ? -- Your skills at the end: Miscellaneous Skills wands [Basic] Weapon Skills quarterstaff [Basic] Spellcasting Skills attack spells [Skilled] enchantment spells [Basic] Final Attributes: You were fervently aligned. You were magic-protected. You are dead. Vanquished creatures: a small mimic a tiger a dwarf king a tengu a chameleon a crocodile a giant beetle a panther 2 leprechauns 2 giant spiders an ice vortex a dwarf mummy a gold golem a dingo a dwarf lord a dust vortex a gnome mummy a wood nymph 5 Mordor orcs a pony 3 yellow lights 9 gnome lords 4 gnomish wizards a red naga hatchling a golden naga hatchling a gray ooze 2 ghouls 3 giant ants a little dog a floating eye 11 dwarves 2 iguanas 2 rabid rats a werejackal a coyote 6 hobbits an acid blob a gecko a hobgoblin a giant rat 2 brown molds 3 yellow molds 2 red molds 44 gnomes 12 jackals 4 foxes a kobold 2 newts 3 goblins 6 grid bugs 5 lichens 2 kobold zombies 165 creatures vanquished. Voluntary challenges: You used a wielded weapon 136 times, starting on turn 3. You did not apply a unicorn horn. You read items or engraved 3 times, starting on turn 3574. You never genocided any monsters. You never polymorphed an object. You never changed form. You used no wishes. You never split a pudding. You never wrote Elbereth's name. You violated your moral code, losing 4 points of alignment, starting on turn 5365. Dungeon overview: The Dungeons of Doom: levels 1 to 5 Level 1 (vault + locked box) a fountain a long staircase Level 2 Level 3 Level 4 a weapon shop stairs to The Gnomish Mines Level 5 The Gnomish Mines: levels 5 to 11 Level 5 (locked box) stairs to The Dungeons of Doom Level 6 Level 7 <- You were here many shops, a temple to Ptah, a magic chest, some fountains Level 8 Level 9 Level 10 Level 11 History has recorded: On T:1 you entered the Dungeons of Doom to retrieve the Amulet of Yendor! On T:87 you reached level 2 of The Dungeons of Doom. On T:429 you advanced to experience level 2. On T:736 you advanced to experience level 3. On T:785 you reached level 3 of The Dungeons of Doom. On T:1245 you reached level 4 of The Dungeons of Doom. On T:1697 you reached level 1 of The Gnomish Mines. On T:1748 you reached level 5 of The Dungeons of Doom. On T:1966 you advanced to experience level 4. On T:2113 you reached level 2 of The Gnomish Mines. On T:2668 you advanced to experience level 5. On T:2857 you reached level 3 of The Gnomish Mines. On T:3500 you entered the Minetown temple On T:3546 you opened a magic chest. On T:3547 you opened a magic chest. On T:3577 you opened a magic chest. On T:3577 you opened a magic chest. On T:3577 you opened a magic chest. On T:4052 you reached level 4 of The Gnomish Mines. On T:4146 you advanced to experience level 6. On T:4416 you reached level 5 of The Gnomish Mines. On T:4863 you reached level 6 of The Gnomish Mines. On T:4938 you reached level 7 of The Gnomish Mines. On T:5046 you advanced to experience level 7. On T:6112 you opened a magic chest. On T:6113 you opened a magic chest. On T:6186 you opened a magic chest. Score breakdown: Gold: 0 ( 0 points) Experience: 7 levels ( 600 points) Exploration: 11 levels ( 300 points) Discoveries: 14 items ( 700 points) Variety of kills: 52 monsters ( 2000 points) Major goal: reached Minetown ( 500 points) Survival: died (score multiplied by 3) Total score: 12300 Latest messages: You drop an uncursed dwarvish cloak. You sold an uncursed dwarvish cloak for 25 gold pieces. You drop an uncursed dwarvish cloak. You sold an uncursed dwarvish cloak for 25 gold pieces. You drop an uncursed dwarvish cloak. You sold an uncursed dwarvish cloak for 25 gold pieces. You drop a cursed studded leather armor. You sold a cursed studded leather armor for 7 gold pieces. You cannot drop something you are wearing. The spell hits Sweetchuck! Sweetchuck resists! Sweetchuck thrusts one of his daggers. Sweetchuck stabs you! Sweetchuck thrusts one of his daggers. Sweetchuck stabs you! You die... Final status: Goodbye woodfighter the Wizard, killed by a watch captain called "Sweetchuck"... You died in The Gnomish Mines on dungeon level 7 with 12300 points, and 0 pieces of gold, after 6204 moves. You were level 7 with a maximum of 51 hit points when you died.